 Dungeon Crawl Stone Soup version 0.31-a0-152-g6aa68a64a1 (webtiles) character file.

Game seed: 14858666343975059166

2863 qw the Skirmisher (level 9, -15/59 HPs)
             Began as a Gargoyle Hunter on June 10, 2023.
             Demolished by a tengu warrior
             ... wielding a +3 heavy war axe
             ... created by the fury of Okawaru
              (21 damage)
             ... on level 7 of the Dungeon.
             The game lasted 01:30:19 (32607 turns).

qw the Skirmisher (Gargoyle Hunter)                Turns: 32607, Time: 01:30:19

Health: -15/59     AC: 13    Str: 21    XL:     9   Next: 75%
Magic:  12/12      EV: 13    Int: 10    God:
Gold:   415        SH:  5    Dex: 17    Spells: 8/8 levels left

rFire   . . .        Y - +0 orcbow (flame)
rCold   . . .        (shield currently unavailable)
rNeg    + . .        a - +0 acid dragon scales
rPois   inf          (no helmet)
rElec   +            (no cloak)
rCorr   +            (no gloves)
SInv    .            (no boots)
Will    .....        j - amulet of reflection
Stlth   ++           b - +6 ring of strength
HPRegen 0.29/turn    (no ring)
MPRegen 0.13/turn

%: reflection
@: bezotted
A: sickness immunity, AC +6, negative energy resistance 1, electricity
resistance, torment resistance 1, petrification resistance
a: no special abilities


You were on level 7 of the Dungeon.
You visited 2 branches of the dungeon, and saw 8 of its levels.

You collected 415 gold pieces.


Innate Abilities, Weirdness & Mutations

You are immune to sickness and miasma.
Your stone body is resilient. (AC +6)
You are immune to poison.
You resist negative energy. (rN+)
You are resistant to electric shocks. (rElec)
You are resistant to unholy torment.
You are immune to petrification.


   Skills:
 - Level 8.2 Fighting
 + Level 10.0 Ranged Weapons
 - Level 2.2 Armour
 - Level 3.2 Dodging
 - Level 1.1 Stealth
 - Level 4.4 Invocations


You had 8 spell levels left.
You didn't know any spells.
Your spell library was empty.

Inventory:

Hand Weapons
 k - the +1 sling of Ganiust {flame, *Slow rN+ rCorr SInv}
   (You found it on level 5 of the Dungeon)

   rN:        It protects you from negative energy.
   SInv:      It lets you see invisible.
   rCorr:     It protects you from acid and corrosion.
   *Slow:     It may slow you when you take damage.
 Y - a +0 orcbow of flaming (weapon)
Armour
 a - +0 acid dragon scales (worn)
Jewellery
 b - a +6 ring of strength (left hand)
 j - an amulet of reflection (around neck)
Scrolls
 i - 5 scrolls of identify
Potions
 d - 5 potions of curing
 e - a potion of attraction
 h - a potion of might
 l - a potion of magic
 m - 2 potions of mutation

Dungeon Overview and Level Annotations

Branches:
Dungeon (7/15) Zot: 349    Temple (1/1) D:4

Altars:
Cheibriados
Dithmenos
Elyvilon
Fedhas
Gozag
Hepliaklqana
Kikubaaqudgha
Makhleb
Nemelex Xobeh
Okawaru
Qazlal
Ru
Sif Muna
Trog
Uskayaw
Vehumet
Wu Jian
Xom
Yredelemnul
Zin
The Shining One

Shops:
D:1 (


Message History

The tengu warrior pecks you but does no damage.
The tengu warrior claws you but does no damage.
You shoot an arrow. The tengu warrior blocks the arrow.
The tengu conjurer casts a spell at you.
The bolt of lightning hits you! You resist.
You shoot an arrow. The tengu warrior blocks the arrow.
The tengu warrior hits you with a +3 heavy war axe!!
The tengu warrior barely misses you. You block the tengu warrior's attack.
You shoot an arrow.
The arrow barely misses the tengu warrior.
The tengu warrior hits you with a +3 heavy war axe!!
The tengu warrior pecks you but does no damage.
The tengu warrior claws you but does no damage.
You shoot an arrow. The arrow hits the tengu warrior!
The arrow burns the tengu warrior.
The tengu warrior is moderately wounded.
The tengu conjurer casts a spell.
The tengu conjurer conjures a globe of magical energy!
A battlesphere comes into view.
You shoot an arrow.
The arrow barely misses the tengu warrior.
The tengu conjurer points at you and mumbles some strange words.
The bolt of lightning misses you. The tengu warrior barely misses you.
The tengu warrior closely misses you. The tengu warrior barely misses you.
You shoot an arrow. The tengu warrior blocks the arrow.
The tengu conjurer closely misses you.
The tengu conjurer pecks you but does no damage.
The tengu conjurer closely misses you. The tengu warrior barely misses you.
The tengu warrior pecks you but does no damage.
The tengu warrior barely misses you.
You shoot an arrow. The arrow hits the tengu warrior.
The arrow burns the tengu warrior.
The tengu warrior is moderately wounded.
The tengu conjurer hits you.
The tengu conjurer pecks you but does no damage.
The tengu conjurer claws you but does no damage.
You shoot an arrow.
The arrow barely misses the tengu warrior.
The tengu warrior hits you with a +3 heavy war axe!!
You die...

#..###...###....##....#
##.....#..##.....#...#. ..#
###..#..####...#........
...##..#.##..#......#.#.....
......######..#..##.........
....... ###................
.......###.##...............
........*..Q..............[.
.)........Q@................
#.......####................
#......####................. ..
##.....#.##....###..........
..###......##.....###...........
............####................
#...........####..###.##........
.............##..###############
.................#P.PPP##PP#P.#P


You could see a tengu warrior, a tengu conjurer and a battlesphere.

Vanquished Creatures
  A cyclops (D:7)
  An oklob plant (D:7)
  Maggie (D:6)
  Sigmund (D:5)
  A steam dragon (D:7)
  2 water moccasins (D:7)
  3 sky beasts (D:7)
  An ice beast (D:7)
  An orc warrior (D:7)
  2 centaurs
  A phantom (D:5)
  A bullfrog (D:7)
  A scorpion (D:6)
  A killer bee (D:6)
  3 howler monkeys (D:7)
  An orc priest (D:7)
  5 hounds
  A gnoll bouda (D:5)
  2 jellies
  5 iguanas
  5 orc wizards
  3 gnolls (D:5)
  6 adders
  2 white imps
  4 ufetubi
  3 worms
  3 dart slugs (D:4)
  11 orcs
  3 ball pythons
  2 bats
  4 endoplasms
  A giant cockroach (D:2)
  3 goblins
  3 hobgoblins
  3 jackals (D:4)
  4 quokkas
  7 frilled lizards
  4 kobolds
  8 rats
114 creatures vanquished.

Notes
Turn   | Place    | Note
-------+----------+-------------------------------------------
     0 | D:1      | qw the Gargoyle Hunter began the quest for the Orb.
     0 | D:1      | Reached XP level 1. HP: 12/12 MP: 1/1
     0 | D:1      | 0 ||| qw: Version: 0.2-a-123-gb51047a
     0 | D:1      | 0 ||| qw: Game counter: 3717
     0 | D:1      | 0 ||| qw: Always use a shield: true
     0 | D:1      | 0 ||| qw: God list: Okawaru
     0 | D:1      | 0 ||| qw: Allow faded altars: false
     0 | D:1      | 0 ||| qw: Do Orc after D:15 true
     0 | D:1      | 0 ||| qw: Do second Lair branch before Depths: true
     0 | D:1      | 0 ||| qw: Lair rune preference: random
     0 | D:1      | 0 ||| qw: Plans: Normal, Zot:1-4, Slime:5, God:TSO, Crypt,
                  | Tomb, Abyss, Pan, Hells, Win
     0 | D:1      | 0 ||| PLANNING D:1-11
   178 | D:1      | Found Edes's Weapon Shop.
   202 | D:1      | Reached XP level 2. HP: 17/17 MP: 2/2
   660 | D:1      | 660 ||| UPGRADING to +0 ring mail.
   670 | D:1      | 670 ||| DROPPING +0 leather armour.
   671 | D:1      | 671 ||| READING scroll labelled TILALU SAOBLUSK.
   672 | D:1      | 672 ||| READING 2 scrolls labelled BOMY AXZENNE.
   673 | D:1      | 673 ||| DROPPING scroll of butterflies.
   674 | D:1      | 674 ||| DROPPING scroll of blinking.
   723 | D:2      | Identified the +6 spear of Fear {drain, Str+2}
   860 | D:2      | Reached skill level 1 in Armour
  1005 | D:2      | Reached XP level 3. HP: 17/21 MP: 3/3
  1434 | D:2      | 1434 ||| UPGRADING to amulet of guardian spirit.
  1439 | D:2      | 1439 ||| READING scroll labelled WECYTEUFFOG.
  1540 | D:2      | 1540 ||| READING scroll labelled YPNYFE JUOPN.
  1541 | D:2      | 1541 ||| DRINKING 2 ruby potions.
  1542 | D:2      | 1542 ||| DRINKING 3 sapphire potions.
  1581 | D:3      | Reached skill level 5 in Ranged Weapons
  1618 | D:3      | Found a faded altar of an unknown god.
  1882 | D:3      | Reached skill level 3 in Fighting
  1882 | D:3      | Reached XP level 4. HP: 22/28 MP: 4/4
  2461 | D:3      | 2461 ||| UPGRADING to +6 ring of strength.
  2462 | D:3      | 2462 ||| READING 3 scrolls labelled XISYIQ VOAKH.
  2467 | D:3      | 2467 ||| READING 3 scrolls of identify.
  2467 | D:3      | 2467 ||| IDENTIFYING amethyst potion
  2468 | D:3      | 2468 ||| READING 2 scrolls of identify.
  2468 | D:3      | 2468 ||| IDENTIFYING blue potion
  2660 | D:4      | Found a staircase to the Ecumenical Temple.
  2661 | D:4      | 2661 ||| PLANNING TEMPLE
  2668 | D:4      | Reached XP level 5. HP: 32/32 MP: 5/5
  2675 | Temple   | Entered the Ecumenical Temple
  2756 | Temple   | 2756 ||| PLANNING OKAWARU WORSHIP
  2913 | Temple   | Became a worshipper of Warmaster Okawaru
  2913 | Temple   | 2913 ||| PLANNING D:1-11
  2914 | Temple   | 2914 ||| REMOVING amulet of guardian spirit.
  3135 | D:4      | Found a snail-covered altar of Cheibriados.
  3173 | D:4      | Reached skill level 6 in Ranged Weapons
  3209 | D:4      | Found a burning altar of Makhleb.
  3210 | D:4      | Found a radiant altar of Vehumet.
  3210 | D:4      | Found a shimmering altar of Xom.
  3210 | D:4      | Found an opulent altar of Gozag.
  3212 | D:4      | Found a shimmering blue altar of Sif Muna.
  3438 | D:4      | 3438 ||| READING scroll labelled GOGHEA BOQIANO.
  3439 | D:4      | 3439 ||| READING 7 scrolls of identify.
  3439 | D:4      | 3439 ||| IDENTIFYING puce potion
  3440 | D:4      | 3440 ||| READING 6 scrolls of identify.
  3440 | D:4      | 3440 ||| IDENTIFYING black potion
  3441 | D:4      | 3441 ||| READING 5 scrolls of identify.
  3441 | D:4      | 3441 ||| IDENTIFYING pink potion
  3442 | D:4      | 3442 ||| DROPPING potion of berserk rage.
  3492 | D:5      | Entered Level 5 of the Dungeon
  3498 | D:5      | 3498 ||| STAIRDANCE
  3525 | D:5      | 3525 ||| STAIRDANCE
  3633 | D:5      | 3633 ||| Stepping ~*~*~tactically~*~*~ (outnumbered).
  3635 | D:5      | 3635 ||| Stepping ~*~*~tactically~*~*~ (outnumbered).
  3636 | D:5      | 3636 ||| DRINKING 4 potions of curing.
  3636 | D:5      | 3636 ||| (to cure confusion)
  3638 | D:5      | 3638 ||| Stepping ~*~*~tactically~*~*~ (outnumbered).
  3647 | D:5      | Reached XP level 6. HP: 28/38 MP: 6/6
  3655 | D:5      | HP: 7/38 [orc priest/divine providence (9)]
  3656 | D:5      | 3656 ||| READING 2 scrolls of teleportation.
  3656 | D:5      | HP: 3/38 [white imp (1)]
  3656 | D:5      | HP: 1/38 [white imp (2)]
  3657 | D:5      | 3657 ||| DRINKING 3 potions of heal wounds.
  3911 | D:5      | Identified the +1 sling of Ganiust {flame, *Slow rN+ rCorr
                  | SInv}
  3913 | D:5      | 3913 ||| SWAPPING to +1 sling of Ganiust {flame, *Slow rN+
                  | rCorr SInv}.
  3969 | D:5      | HP: 6/38 [phantom (6)]
  3970 | D:5      | 3970 ||| READING scroll of teleportation.
  3971 | D:5      | 3971 ||| DRINKING 3 potions of heal wounds.
  3975 | D:5      | Reached skill level 7 in Ranged Weapons
  4067 | D:5      | HP: 7/38 [centaur/arrow (5)]
  4068 | D:5      | 4068 ||| DRINKING 2 potions of heal wounds.
  4069 | D:5      | Reached * piety under Okawaru
  4070 | D:5      | Reached XP level 7. HP: 36/43 MP: 7/7
  4100 | D:5      | 4100 ||| SWAPPING to +0 orcbow.
  4101 | D:5      | 4101 ||| DROPPING +1 shortbow.
  4151 | D:5      | Noticed Sigmund
  4152 | D:5      | 4152 ||| INVOKING Heroism.
  4156 | D:5      | Killed Sigmund
  4185 | D:5      | 4185 ||| Stepping ~*~*~tactically~*~*~ (outnumbered).
  4195 | D:5      | 4195 ||| INVOKING Heroism.
  4206 | D:5      | Reached skill level 8 in Ranged Weapons
  4379 | D:5      | 4379 ||| INVOKING Heroism.
  4385 | D:5      | Reached skill level 3 in Invocations
  4774 | D:5      | 4774 ||| READING scroll labelled HAYLOY EJUAFA.
  4775 | D:5      | 4775 ||| READING scroll labelled IDAT UCWOUDA.
  4776 | D:5      | 4776 ||| READING scroll labelled HEDASS WADWEIMN.
  4911 | D:6      | Noticed Maggie
  4922 | D:6      | 4922 ||| INVOKING Heroism.
  4930 | D:6      | Killed Maggie
  4930 | D:6      | Reached ** piety under Okawaru
  4931 | D:6      | Reached XP level 8. HP: 34/50 MP: 7/11
  5814 | D:6      | 5814 ||| INVOKING Heroism.
  5927 | D:6      | 5927 ||| UPGRADING to +0 acid dragon scales.
  5937 | D:6      | 5937 ||| DROPPING +0 ring mail.
  5938 | D:6      | 5938 ||| DROPPING amulet of guardian spirit.
  5939 | D:6      | 5939 ||| UPGRADING to amulet of reflection.
  5975 | D:7      | 5975 ||| STAIRDANCE
  5979 | D:6      | 5979 ||| INVOKING Heroism.
  5989 | D:6      | Reached skill level 9 in Ranged Weapons
  6047 | D:7      | 6047 ||| STAIRDANCE
  6051 | D:6      | 6051 ||| INVOKING Heroism.
  6252 | D:7      | Reached skill level 6 in Fighting
  6252 | D:7      | 6252 ||| INVOKING Heroism.
  6334 | D:7      | 6334 ||| INVOKING Heroism.
  6357 | D:7      | Reached XP level 9. HP: 40/55 MP: 12/12
  6360 | D:7      | 6360 ||| INVOKING Heroism.
  6376 | D:7      | Reached skill level 10 in Ranged Weapons
  6504 | D:7      | 6504 ||| INVOKING Heroism.
  6516 | D:7      | 6516 ||| Stepping ~*~*~tactically~*~*~ (cloud).
  6595 | D:7      | Reached skill level 3 in Dodging
  6681 | D:7      | 6681 ||| INVOKING Heroism.
  6981 | D:7      | Found a blossoming altar of Fedhas.
  6999 | D:7      | Noticed an oklob plant
  7000 | D:7      | 7000 ||| INVOKING Heroism.
  7001 | D:7      | 7001 ||| READING scroll labelled KADWOE XOPI.
  7002 | D:7      | 7002 ||| READING scroll labelled SIOCIT ZAUCKEN.
  7003 | D:7      | 7003 ||| READING 6 scrolls of identify.
  7003 | D:7      | 7003 ||| IDENTIFYING metallic yellow potion
  7004 | D:7      | 7004 ||| DROPPING potion of brilliance.
  7023 | D:7      | 7023 ||| INVOKING Heroism.
  7055 | D:7      | 7055 ||| INVOKING Heroism.
  7077 | D:7      | 7077 ||| INVOKING Heroism.
  7104 | D:7      | 7104 ||| INVOKING Heroism.
  7130 | D:7      | 7130 ||| INVOKING Heroism.
  7147 | D:7      | 7147 ||| INVOKING Heroism.
  7169 | D:7      | 7169 ||| INVOKING Heroism.
  7193 | D:7      | 7193 ||| INVOKING Heroism.
 17023 | D:7      | Fell from the grace of Okawaru
 31963 | D:7      | Glimpsed the power of Zot.
 31993 | D:7      | Killed an oklob plant
 32220 | D:7      | Noticed a tengu warrior
 32220 | D:7      | Noticed a cyclops
 32221 | D:7      | Noticed a tengu conjurer
 32225 | D:7      | Killed a cyclops
 32226 | D:7      | HP: 14/59 [tengu warrior/+3 heavy war axe[the fury of
                  | Okawaru] (5)]
 32227 | D:7      | 32227 ||| READING scroll of teleportation.
 32228 | D:7      | HP: 1/59 [tengu warrior/+3 heavy war axe[the fury of
                  | Okawaru] (14)]
 32229 | D:7      | 32229 ||| DRINKING potion of heal wounds.
 32457 | D:7      | Glimpsed the power of Zot.
 32602 | D:7      | HP: 6/59 [tengu warrior/+3 heavy war axe[the fury of
                  | Okawaru] (18)]
 32607 | D:7      | Demolished by a tengu warrior

Levels and vault maps discovered:
D:1:      noname_arrival_rooms_in_the_neighbourhood, layout_loops_ring,
          serial_shops, nicolae_shop_bloodbath_and_beyond
D:2:      layout_basic
D:3:      layout_basic, shapermc_ecumenical_altar_ellora, st_stairs_6,
          kennysheep_crisscross
D:4:      layout_loops_ring, minitemple, kennysheep_slug_shrine,
          minmay_temple_entry_junction
D:5:      layout_basic, uniq_sigmund
D:6:      layout_basic, uniq_maggie
D:7:      layout_layer_cave, tgw_fedhas, minmay_circle_x
Temple:   dpeg_chambers_temple

Skill      XL: |  1  2  3  4  5  6  7  8  9 |
---------------+----------------------------+-----
Armour         | 1 2 |  2.2
Ranged Weapons | 5 6 7 8 9 10 | 10.0
Fighting       | 3 4 5 6 8 |  8.2
Invocations    | 4 |  4.4
Dodging        | 2 3 |  3.2
Stealth        | |  1.1

Action                     |  1- 3 |  4- 6 |  7- 9 || total
---------------------------+-------+-------+-------++-------
   Fire: Shortbow          |    91 |   138 |       ||   229
         Sling             |       |    45 |       ||    45
         Orcbow            |       |       |   452 ||   452
 Invoke: Heroism           |       |       |    21 ||    21
    Use: Scroll            |     4 |     9 |     7 ||    20
         Potion            |     2 |     4 |     1 ||     7
 Armour: Ring mail         |    12 |    48 |    32 ||    92
         Leather armour    |     2 |       |       ||     2
         Acid dragon scale |       |       |    70 ||    70
  Dodge: Dodged            |    24 |    84 |   121 ||   229
  Block: Other             |       |       |    32 ||    32

Table legend:
 A = Non-vault XP
 B = Vault XP
 C = Vault XP percentage of total XP
 D = Non-vault monster count
 E = Vault monster count
 F = Vault count percentage of total count
                 A         B        C        D         E       F
            +---------+---------+-------+---------+---------+-------
      Total |    2055 |    2036 |  49.8 |      99 |      14 |  12.4
            +---------+---------+-------+---------+---------+-------
        D:1 |      18 |       0 |   0.0 |      13 |       0 |   0.0
        D:2 |      34 |       0 |   0.0 |      14 |       0 |   0.0
        D:3 |      67 |      14 |  17.3 |       9 |       2 |  18.2
        D:4 |     154 |       4 |   2.5 |      17 |       1 |   5.6
        D:5 |     600 |     243 |  28.8 |      20 |       1 |   4.8
        D:6 |     381 |     474 |  55.4 |      12 |       3 |  20.0
        D:7 |     801 |    1301 |  61.9 |      14 |       7 |  33.3
            +---------+---------+-------+---------+---------+-------
